 Dungeon Crawl Stone Soup version 0.30-a0-651-g0755cc6dcf (webtiles) character file.

Game seed: 15742417828156316704

223 Citaku the Covered (level 5, -2/47 HPs)
             Began as a Minotaur Fighter on Jan 17, 2023.
             Succumbed to a killer bee's poison
             ... on level 4 of the Dungeon.
             The game lasted 00:04:02 (2593 turns).

Citaku the Covered (Minotaur Fighter)               Turns: 2593, Time: 00:04:02

Health: -2/47      AC:  8    Str: 22    XL:     5   Next: 66%
Magic:  4/4        EV:  9    Int:  5    God:
Gold:   136        SH:  4    Dex: 10    Spells: 4/4 levels left

rFire   . . .      SeeInvis .    a - +0 war axe
rCold   . . .      Faith    .    c - +0 buckler
rNeg    . . .      Spirit   .    b - +0 scale mail
rPois   .          Reflect  .    (helmet restricted)
rElec   .          Harm     .    (no cloak)
rCorr   .          Rampage  .    q - +0 pair of gloves
Will    .....                    (no boots) Stlth
                                 (no amulet)
HPRegen 0.27/turn                (no ring)
MPRegen 0.09/turn                (no ring)

@: lethally poisoned (-2 -> -11)
A: horns 2, retaliatory headbutt
a: no special abilities


You were on level 4 of the Dungeon.
You visited 1 branch of the dungeon, and saw 4 of its levels.

You collected 136 gold pieces.

Inventory:

Hand Weapons
 a - a +0 war axe (weapon)
Armour
 b - a +0 scale mail (worn)
 c - a +0 buckler (worn)
 q - a +0 pair of gloves (worn)
Scrolls
 e - a scroll of vulnerability {unknown}
 f - 2 scrolls of fear {unknown}
 g - 2 scrolls of teleportation {unknown}
 h - 5 scrolls of identify {unknown}
 j - 2 scrolls of enchant weapon {unknown}
 k - a scroll of magic mapping {unknown}
 l - 3 scrolls of amnesia {unknown}
 o - a scroll of enchant armour {unknown}
 s - a scroll of poison {unknown}
Potions
 d - 4 potions of might
 i - a potion of flight {unknown}
 m - a potion of curing
 n - 2 potions of attraction {unknown}
 p - a potion of magic {unknown}
 r - a potion of invisibility {unknown}
 t - a potion of degeneration {unknown}


   Skills:
 + Level 4.5 Fighting
 * Level 4.5 Axes
 * Level 5.4 Armour
 + Level 4.5 Shields


You had 4 spell levels left.
You didn't know any spells.
Your spell library contained the following spells:

 Spells                   Type           Power      Damage    Failure   Level
 Sublimation of Blood     Necr           0%         N/A       95%         2
 Wereblood                Tmut           0%         N/A       95%         2
 Summon Hydra             Summ           0%         N/A       100%        7


Dungeon Overview and Level Annotations

Branches:
Dungeon (4/15)
 Temple: D:4-7

Altars:
Hepliaklqana


Innate Abilities, Weirdness & Mutations

You have a pair of horns on your head.
You reflexively headbutt those who attack you in melee.


Message History

You are too injured to fight recklessly!
You are too injured to fight recklessly!
It was a potion of curing.
You feel better. The killer bee stings you. The killer bee stings you!
* * * LOW HITPOINT WARNING * * *
The killer bee stings you but does no damage.
The killer bee completely misses you.
You are too injured to fight recklessly!
You are too injured to fight recklessly!
You are too injured to fight recklessly!
The killer bee attacks as you move away!
You block the killer bee's attack.
The killer bee attacks as you move away!
The killer bee barely misses you. The orc attacks as you move away!
The orc barely misses you.
The killer bee attacks as you move away!
The killer bee stings you.
* * * LOW HITPOINT WARNING * * *
You are poisoned.
The killer bee poisons you!
* * * LOW HITPOINT WARNING * * *
You feel sick. The killer bee stings you.
* * * LOW HITPOINT WARNING * * *
The killer bee barely misses you.
You feel better.
The killer bee stings you but does no damage.
The killer bee stings you.
* * * LOW HITPOINT WARNING * * *
The killer bee stings you!
* * * LOW HITPOINT WARNING * * *
The killer bee stings you.
* * * LOW HITPOINT WARNING * * *
You are lethally poisoned!
The killer bee poisons you!
The killer bee attacks as you move away!
The killer bee stings you.
* * * LOW HITPOINT WARNING * * *
The killer bee attacks as you move away!
The killer bee closely misses you.
You die...

..)...........
#............
#......w....
#..........
##..†......
#.oo.......
#yy#.......
##.###......
#.@# ##....
##.## #.. #..#
# ##.## #...##
##..P.##
##.P~P.P##
##P~P~P~P.##
#.P~~P~~~~.#


You could see 2 killer bees, an orc priest, a dart slug and an orc.

Vanquished Creatures
  A killer bee (D:4)
  7 adders
  4 gnolls (D:2)
  2 worms (D:3)
  2 dart slugs (D:1)
  5 orcs (D:3)
  5 ball pythons
  2 endoplasms
  2 giant cockroaches
  6 goblins
  3 hobgoblins
  3 jackals (D:2)
  7 quokkas
  4 bats
  5 frilled lizards
  4 kobolds
  7 rats
  5 bushes (D:1)
74 creatures vanquished.

Vanquished Creatures (others)
  3 plants
3 creatures vanquished.

Grand Total: 77 creatures vanquished

Notes
Turn   | Place    | Note
-------+----------+-------------------------------------------
     0 | D:1      | Citaku the Minotaur Fighter began the quest for the Orb.
     0 | D:1      | Reached XP level 1. HP: 19/19 MP: 0/0
   184 | D:1      | Reached XP level 2. HP: 25/27 MP: 1/1
   208 | D:1      | Found a faded altar of an unknown god.
   341 | D:1      | Reached skill level 4 in Armour
  1242 | D:2      | Reached XP level 3. HP: 33/33 MP: 2/2
  1468 | D:2      | Reached XP level 4. HP: 19/40 MP: 3/3
  1476 | D:2      | Found a hazy altar of Hepliaklqana.
  2047 | D:3      | Reached skill level 5 in Armour
  2125 | D:3      | Reached XP level 5. HP: 46/46 MP: 4/4
  2238 | D:3      | Identified the +4 whip "Minotaur's Foe" {heavy, Int+3}
  2593 | D:4      | HP: 1/47 [killer bee (4)]
  2593 | D:4      | Succumbed to a killer bee's poison

Illustrated notes

Levels and vault maps discovered:
D:1:      nzn_arrival_crosshair, layout_loops_ring,
          hellmonk_ecumenical_altar_defaced_shrine, serial_forest,
          infiniplex_forest_end_2, infiniplex_forest_lined_3,
          infiniplex_forest_lined_room_2, infiniplex_forest_lined_2
D:2:      layout_loops_ring, basic_altar, amethyst_killhole
D:3:      layout_basic, hangedman_abyss_or_decor_stabs
D:4:      layout_cave_pods, serial_bayou_pond_e, serial_bayou_pond_c,
          kennysheep_generic_room_3

Skill      XL: |  1  2  3  4 |
---------------+-------------+-----
Armour         | 4 5 |  5.4
Axes           | 3 4 |  4.5
Fighting       | 4 |  4.5
Shields        | 4 |  4.5

Action                   |  1- 3 |  4- 6 || total
-------------------------+-------+-------++-------
Melee: War axe           |   249 |    49 ||   298
       Headbutt          |    79 |     7 ||    86
       Whip              |       |    15 ||    15
  Use: Potion            |     1 |     2 ||     3
Armor: Scale mail        |    47 |    33 ||    80
Dodge: Dodged            |    37 |    41 ||    78
Block: Buckler           |    15 |    15 ||    30

Table legend: (Time is in decaauts)
 A = Elapsed time spent in this place.
 B = Non-inter-level travel time spent in this place.
 C = Inter-level travel time spent in this place.
 D = Time resting spent in this place.
 E = Time spent auto-exploring this place.
 F = Levels seen in this place.
 G = Mean time per level.
                   A        B        C        D        E       F      G
               +--------+--------+--------+--------+--------+-----+--------+
         Total |   2718 |   2617 |    101 |      0 |   1862 |   4 |  679.5 |
       Dungeon |   2718 |   2617 |    101 |      0 |   1862 |   4 |  679.5 |
               +--------+--------+--------+--------+--------+-----+--------+

Top non-repeatable levels by time:
     D:1: 1262 daAuts
     D:2: 869 daAuts
     D:3: 482 daAuts
     D:4: 104 daAuts
